 Dungeon Crawl Stone Soup version 0.26.0-45-g9c1d065592 (webtiles) character file.

Game seed: 1275352506388976945

51 kreisler the Sneak (level 3, 0/25 HPs)
             Began as an Octopode Brigand on Jan 28, 2021.
             Killed from afar by Sigmund (6 damage)
             ... with a magic dart
             ... on level 2 of the Dungeon.
             The game lasted 00:05:27 (1037 turns).

kreisler the Sneak (Octopode Brigand)               Turns: 1037, Time: 00:05:28

Health: 0/25       AC:  1    Str: 10    XL:     3   Next: 83%
Magic:  3/3        EV: 13    Int: 13    God:
Gold:   55         SH:  0    Dex: 14    Spells: 2/2 levels left

rFire    . . .     SeeInvis .   a - +2 dagger
rCold    . . .     Faith    .   (no shield)
rNeg     . . .     Spirit   .   (helmet restricted)
rPois    .         Reflect  .   (no amulet)
rElec    .         Harm     .   (no ring)
rCorr    .         Rampage  .   (no ring)
Will     .....                  (no ring)
Stlth    ++++......             (no ring)
HPRegen  0.08/turn              (no ring)
MPRegen  0.08/turn              (no ring)
                                (no ring)
                                (no ring)

@: about to teleport
A: almost no armour, stealthy swim, amphibious, 8 rings, constrict 8, camouflage
1, gelatinous body 1
a: no special abilities


You were on level 2 of the Dungeon.
You visited 1 branch of the dungeon, and saw 2 of its levels.

You collected 55 gold pieces.

Inventory:

Hand Weapons
 a - a +2 dagger (weapon)
Missiles
 b - 6 poisoned darts (quivered)
 c - 2 curare-tipped darts
Jewellery
 l - an uncursed amulet of guardian spirit {unknown}
Scrolls
 e - a scroll of teleportation
 i - a scroll of enchant armour {unknown}
 j - a scroll of blinking
 k - a scroll of immolation
 m - a scroll of identify {unknown}
Potions
 d - 2 potions of heal wounds {unknown}
 f - 3 potions of brilliance {unknown}
 g - 2 potions of attraction {unknown}
 h - a potion of might {unknown}
 n - a potion of degeneration {unknown}
 o - 2 potions of cancellation {unknown}


   Skills:
 + Level 2.5 Fighting
 + Level 2.4 Short Blades
 + Level 2.1 Throwing
 + Level 1.0 Dodging
 + Level 6.5 Stealth


You had 2 spell levels left.
You didn't know any spells.
Your spell library was empty.

Dungeon Overview and Level Annotations

Branches:
Dungeon (2/15)

Altars:

Annotations:
D:2 Sigmund


Innate Abilities, Weirdness & Mutations

You cannot wear most types of armour.
You are very stealthy in the water. (Stealth+)
You are amphibious.
You can wear up to eight rings at the same time.
You can use your tentacles to constrict eight enemies at once.
Your skin changes colour to match your surroundings (Stealth+).
Your rubbery body absorbs attacks. (AC +1, EV +1)


Message History

Sigmund zaps a wand.
The puff of flame hits you!
Throw: 7 darts (poison)
Press: ? - help, Q - select action, (/) - cycle Shift-Dir - straight line, f - Sigmund
Aim: Sigmund, wielding a +1 scythe of flaming, wearing a +0 robe and carrying a wand of flame (8) (57% to hit)
You throw a poisoned dart.
The poisoned dart barely misses Sigmund.
Sigmund points at himself and mumbles some strange words.
Sigmund flickers and vanishes!
Deactivating autopickup; reactivate with Ctrl-A.
Autopickup is now on.
You hear a zap.
A puff of flame appears from out of thin air!
Deactivating autopickup; reactivate with Ctrl-A.
The puff of flame hits you!
* * * LOW HITPOINT WARNING * * *
As you read the scroll of teleportation, it crumbles to dust.
You feel strangely unstable.
A magic dart appears from out of thin air!
The magic dart hits you.
You die...

#######...|.... #............##
#............# #............#
#............#
##########............#
......................#
......................# #######
.......@...†..........# ......#
....{......#####+####### ......#
############ #.......... ......#
#...#######
......#################...#######
.†....'.....†.............+......
.)....##########.######...#####..
...........# #.# #...# #..
##########.# #.# #...# #^.


There were no monsters in sight!

Vanquished Creatures
  An ooze (D:1)
  2 worms (D:2)
  A dart slug (D:1)
  A leopard gecko (D:1)
  6 bats
  4 goblins (D:1)
  7 hobgoblins
  4 kobolds (D:1)
  A quokka (D:2)
  5 frilled lizards
  4 rats
36 creatures vanquished.

Notes
Turn   | Place    | Note
-------+----------+-------------------------------------------
     0 | D:1      | kreisler the Octopode Brigand began the quest for the Orb.
     0 | D:1      | Reached XP level 1. HP: 14/14 MP: 1/1
    74 | D:1      | Reached XP level 2. HP: 19/19 MP: 2/2
   118 | D:1      | Reached skill level 6 in Stealth
   276 | D:1      | Reached XP level 3. HP: 21/25 MP: 3/3
  1028 | D:2      | Noticed Sigmund
  1037 | D:2      | Killed from afar by Sigmund

Illustrated notes

Levels and vault maps discovered:
D:1:      psy_arrival_fountain, layout_basic, minmay_misc_feat_chi
D:2:      layout_basic, old_standard_altar, uniq_sigmund

Skill      XL: |  1  2 |
---------------+-------+-----
Stealth        | 6 |  6.5
Fighting       | |  2.5
Short Blades   | |  2.4
Throwing       | |  2.1
Dodging        | |  1.0

Action                   || total
-------------------------++-------
Melee: Dagger            ||    58
       Constrict         ||    11
       Tentacles         ||     9
Throw: Dart              ||     5
  Use: Scroll            ||     6
 Stab: Sleeping          ||    17
Armor: Skin              ||     3
Dodge: Dodged            ||    29
